 Dungeon Crawl Stone Soup version 0.29.1-15-g9cfb28693d (webtiles) character file.

Game seed: 6999774367070563693

89 Ast3rio the Ducker (level 4, -4/31 HPs)
             Began as a Djinni Fire Elementalist on Mar 13, 2023.
             Was a Believer of Cheibriados.
             Slain by a gnoll
             ... wielding a +0 whip
             ... led by a gnoll sergeant
              (5 damage)
             ... on level 3 of the Dungeon.
             The game lasted 00:06:10 (4439 turns).

Ast3rio the Ducker (Djinni Fire Elementalist)       Turns: 4439, Time: 00:06:11

Health: -4/31      AC:  2    Str: 18    XL:     4   Next: 84%
Gold:   150        EV: 13    Int: 23    God:    Cheibriados [**....] SH:  0 Dex: 19

rFire   + + .      SeeInvis .   k - +2 dagger (flame)
rCold   x . .      Faith    .   (no shield)
rNeg    . . .      Spirit   .   a - +0 robe
rPois   ∞          Reflect  .   (no helmet)
rElec   .          Harm     .   b - scarf {repulsion}
rCorr   .          Rampage  .   (no gloves)
Will    .....                   (boots unavailable)
Stlth   ++........              (no amulet)
HPRegen 0.10/turn               h - ring of poison resistance
MPRegen 0.00/turn               m - +6 ring of strength

@: flying, repel missiles, very slow
A: sickness immunity, fire resistance 2, cold vulnerability 1, float, innate
caster, HP casting, extra vitality 1
a: Renounce Religion, Bend Time


You were on level 3 of the Dungeon.
You worshipped Cheibriados.
Cheibriados was pleased with you.
You visited 1 branch of the dungeon, and saw 3 of its levels.

You collected 150 gold pieces.

Inventory:

Hand Weapons
 k - a +2 dagger of flaming (weapon)
Missiles
 p - 2 throwing nets
Armour
 a - a +0 robe (worn)
 b - a scarf of repulsion (worn)
Jewellery
 h - a ring of poison resistance (left hand)
 m - a +6 ring of strength (right hand)
Scrolls
 c - a scroll of magic mapping {unknown}
 e - 3 scrolls of identify {unknown}
 g - a scroll of blinking {unknown}
 j - 4 scrolls of silence {unknown}
Potions
 d - 2 potions of attraction {unknown}
 f - a potion of heal wounds {unknown}
 i - a potion of mutation {unknown}
 l - a potion of curing {unknown}
 n - a potion of magic {unknown}
 o - a potion of flight {unknown}


   Skills:
 + Level 0.3 Fighting
 + Level 0.3 Short Blades
 + Level 3.2 Dodging
 + Level 2.5 Stealth
 * Level 3.1 Spellcasting


You couldn't memorise any spells.
You knew the following spells:

 Your Spells              Type           Power      Damage    Failure   Level
a - Foxfire               Conj/Fire      68%        2x1d7     3%          1
b - Scorch                Fire           34%        2d7       4%          2
c - Conjure Flame         Conj/Fire      17%        6-21      10%         3
d - Inner Flame           Hex/Fire       17%        N/A       10%         3
e - Flame Wave            Conj/Fire      17%        2d7       32%         4
f - Summon Small Mammal   Summ           68%        N/A       3%          1
Your spell library was empty.

Dungeon Overview and Level Annotations

Branches:
Dungeon (3/15)

Altars:
Cheibriados
Gozag
Xom


Innate Abilities, Weirdness & Mutations

You are immune to sickness and miasma.
You are immune to poison.
Your flesh is very heat resistant. (rF++)
You are vulnerable to cold. (rC-)
You float through the air rather than walking.
You learn spells naturally, not from books.
Your magical power is your life essence.
You have superior vitality. (+4 MHP)


Message History

o - a smoky sapphire potion
p - 2 throwing nets A gnoll comes into view.
It is wielding a +0 whip.
A gnoll is nearby! 2 gnolls come into view.
The gnoll shouts!
You hear a shout!
The gnoll moves out of view.
A gnoll sergeant comes into view. It is wielding a +0 spear.
The gnoll shouts!
The gnoll sergeant shouts!
The gnoll shouts!
Casting: Scorch (safe; 4% risk of failure)
Confirm with . or Enter, or press ? or * to list all spells.
Flames lash the gnoll.
The gnoll is moderately wounded.
The gnoll's fire resistance burns away.
A gnoll comes into view. It is wielding a +1 whip of freezing.
The gnoll hits you with a +0 whip!
Casting: Scorch (safe; 4% risk of failure)
Confirm with . or Enter, or press ? or * to list all spells.
Flames lash the gnoll sergeant.
The gnoll sergeant is moderately wounded.
The gnoll sergeant's fire resistance burns away.
The gnoll shouts!
The gnoll misses you.
Casting: Scorch (safe; 4% risk of failure)
Confirm with . or Enter, or press ? or * to list all spells.
Flames lash the gnoll.
The gnoll is moderately wounded.
The gnoll's fire resistance burns away.
The gnoll sergeant barely misses you.
A gnoll comes into view. It is wielding a +0 spear.
The gnoll barely misses you.
Casting: Scorch (safe; 4% risk of failure)
Confirm with . or Enter, or press ? or * to list all spells.
Flames lash the gnoll.
The gnoll is burned terribly!
You kill the gnoll!
Cheibriados appreciates the change of pace.
The gnoll is no longer more vulnerable to fire.
The gnoll sergeant hits you from afar with a +0 spear!
* * * LOW HITPOINT WARNING * * *
The gnoll hits you with a +0 whip.
You die...

.............#
#####........##.###.....
#..........##.g.......
#.#........##.g......
#.#........##.......
#.#........##.g...#
#.#........##.g)..#
###..........##.g...#
#............##.@...#
.............##....$#
.####........##.....###
.# #...................
.# #.#.#######.########
.####.#.#######.#######
......................#
#####.#########.#######
#.# #.#


You could see a gnoll sergeant (combustible) and 4 gnolls.

Vanquished Creatures
  A gnoll (D:3)
  4 adders
  3 worms (D:2)
  2 ball pythons
  2 bats
  5 endoplasms
  5 goblins
  4 hobgoblins
  4 quokkas
  10 frilled lizards (D:2)
  3 kobolds
  3 rats
46 creatures vanquished.

Vanquished Creatures (others)
  48 foxfires
48 creatures vanquished.

Grand Total: 94 creatures vanquished

Notes
Turn   | Place    | Note
-------+----------+-------------------------------------------
     0 | D:1      | Ast3rio the Djinni Fire Elementalist began the quest for
                  | the Orb.
     0 | D:1      | Ast3rio set off with the following spells memorised:
                  | Foxfire, Scorch, Conjure Flame, Inner Flame, Flame Wave.
     0 | D:1      | Reached XP level 1. HP: 15/15 MP: 0/0
   532 | D:1      | Reached XP level 2. HP: 16/21 MP: 0/0
  2180 | D:2      | Found a faded altar of an unknown god.
  2185 | D:2      | Prayed at the altar of an unknown god.
  2185 | D:2      | Became a worshipper of Cheibriados the Contemplative
  2185 | D:2      | Reached * piety under Cheibriados
  2233 | D:2      | Reached XP level 3. HP: 7/25 MP: 0/0
  2233 | D:2      | Learned a level 1 spell: Summon Small Mammal
  3039 | D:2      | Reached ** piety under Cheibriados
  3041 | D:2      | Reached XP level 4. HP: 15/31 MP: 0/0
  3879 | D:3      | Found an opulent altar of Gozag.
  3881 | D:3      | Found a shimmering altar of Xom.
  4434 | D:3      | Noticed a gnoll sergeant
  4439 | D:3      | HP: 1/31 [gnoll sergeant/+0 spear (13)]
  4439 | D:3      | Slain by a gnoll

Illustrated notes

Levels and vault maps discovered:
D:1:      nicolae_arrival_somewhat_less_tricky_arrival, layout_loops_ring
D:2:      layout_basic, basic_ecumenical_altar, corexii_hall_statues_x,
          minmay_lizard_pond
D:3:      layout_basic, nicolae_overflow_squiral

Skill      XL: |  1  2  3  4 |
---------------+-------------+-----
Stealth        | 2 |  2.5
Dodging        | 3 |  3.2
Spellcasting   | 3 |  3.1
Fighting       | |  0.3
Short Blades   | |  0.3

Action                   |  1- 3 |  4- 6 || total
-------------------------+-------+-------++-------
Melee: Unarmed           |     9 |       ||     9
       Dagger            |       |    14 ||    14
 Cast: Foxfire           |    35 |       ||    35
       Scorch            |    23 |    17 ||    40
Armor: Robe              |     5 |     1 ||     6
Dodge: Dodged            |    30 |    14 ||    44
